 Dungeon Crawl Stone Soup version 0.24-a0-654-g80d7c3d (webtiles) character file.

Game seed: 11746845341762040423, levelgen mode: deterministic

142 scarywalker64 the Gusty (level 4, -2/33 HPs)
             Began as a Demigod Air Elementalist on Sept 28, 2019.
             Killed from afar by Blork the orc (11 damage)
             ... with a puff of flame
             ... on level 4 of the Dungeon.
             The game lasted 00:11:01 (3547 turns).

scarywalker64 the Gusty (Demigod Air Elementalist)  Turns: 3547, Time: 00:11:01

Health: -2/33      AC:  7    Str: 13    XL:     4   Next: 74%
Magic:  7/10       EV: 13    Int: 19    God:
Gold:   179        SH:  0    Dex: 16    Spells: 6/7 levels left

rFire    . . .     SeeInvis .   v - -2 war axe (curse)
rCold    . . .     Gourm    .   (no shield)
rNeg     . . .     Faith    .   a - +0 robe
rPois    .         Spirit   .   (no helmet)
rElec    .         Reflect  .   g - +1 cloak
rCorr    .         Harm     .   k - +2 pair of gloves
MR       .....                  (no boots)
Stlth    ++........             (no amulet)
HPRegen  0.11/turn              (no ring)
MPRegen  0.12/turn              (no ring)

@: no status effects
A: high mp 1
a: no special abilities


You were on level 4 of the Dungeon.
You were not hungry.

You visited 1 branch of the dungeon, and saw 4 of its levels.

You collected 179 gold pieces.

Inventory:

Hand Weapons
 d - a +0 short sword
 s - a +0 hunting sling
 v - a cursed -2 war axe (weapon)
Missiles
 f - 15 arrows
 i - 129 stones
 j - 10 poisoned darts (quivered)
 q - 26 sling bullets
Armour
 a - a +0 robe (worn)
 g - a +1 cloak (worn)
 k - a +2 pair of gloves (worn)
Scrolls
 b - 4 scrolls of identify
 h - 3 scrolls of amnesia
 r - a scroll of teleportation
Potions
 e - a potion of might
 l - 2 potions of brilliance
 t - a potion of resistance
 u - a potion of agility
Comestibles
 c - a ration


   Skills:
 + Level 0.2 Fighting
 + Level 1.0 Short Blades
 + Level 2.8 Dodging
 - Level 2.0 Stealth
 + Level 2.2 Spellcasting
 + Level 1.7 Conjurations
 + Level 3.6 Air Magic


You had 6 spell levels left.
You knew the following spells:

 Your Spells              Type           Power        Failure   Level  Hunger
a - Shock                 Conj/Air       ##..         5%          1    #......

Your spell library contained the following spells:

 Spells                   Type           Power        Failure   Level  Hunger
 Swiftness                Chrm/Air       #.......     12%         2    ##.....
 Static Discharge         Conj/Air       ##......     16%         3    ###....
 Airstrike                Air            ###.......   34%         4    #####..
 Lightning Bolt           Conj/Air       ##........   83%         5    ######.


Dungeon Overview and Level Annotations

Branches:
Dungeon (4/15)
 Temple: D:4-7

Annotations:
D:4 Blork the orc


Innate Abilities, Weirdness & Mutations

You have an increased reservoir of magic. (+10% MP)


Message History

Press: ? - help, Shift-Dir - straight line, p - Blork the orc
Okay, then.
Blork the orc looks encouraged for a moment.
Blork the orc points at you and mumbles some strange words.
The magic dart hits you!
* * * LOW HITPOINT WARNING * * *
An iguana comes into view.
Casting: Shock (safe; 5% risk of failure)
Confirm with . or Enter, or press ? or * to list all spells.
Aiming: Shock (safe; 5% risk of failure)
Press: ? - help, Shift-Dir - straight line, p - Blork the orc
Okay, then.
Blork the orc points at you and mumbles some strange words.
The puff of flame hits you.
* * * LOW HITPOINT WARNING * * *
Blork the orc points at you and mumbles some strange words.
The puff of flame misses you.
Blork the orc gestures at you while chanting.
The puff of flame hits you!
You die...

#....<....# ######...##
##.## #.# .# #.# .#
##'## .# ## ##...## .#
l. ##.....## .#
#.#..@....## ##.##
###..........####...##..
.........o...'..........
###..........####...##..
#.#.......## ##.##
#.##.....## ... .
##...## ..## # ##+## ..#
..#


You could see Blork the orc.

Vanquished Creatures
  7 adders
  A worm (D:2)
  2 dart slugs
  A leopard gecko (D:1)
  An orc (D:3)
  2 giant cockroaches
  9 goblins
  7 hobgoblins
  6 jackals (D:3)
  2 quokkas
  11 bats
  3 frilled lizards
  2 jackal skeletons (D:4)
  8 kobolds
  7 rats
69 creatures vanquished.

Notes
Turn   | Place    | Note
-------+----------+-------------------------------------------
     0 | D:1      | scarywalker64 the Demigod Air Elementalist began the quest
                  | for the Orb.
     0 | D:1      | Reached XP level 1. HP: 14/14 MP: 5/5
   149 | D:1      | Reached skill level 3 in Air Magic
   236 | D:1      | Reached XP level 2. HP: 12/20 MP: 4/7
   575 | D:1      | Reached skill level 1 in Conjurations
  1301 | D:2      | Reached XP level 3. HP: 24/26 MP: 2/8
  1812 | D:2      | Reached XP level 4. HP: 33/33 MP: 5/9
  1824 | D:2      | Found a shadowy altar of Dithmenos.
  2895 | D:3      | Reached skill level 1 in Short Blades
  3526 | D:4      | Noticed Blork the orc
  3547 | D:4      | Killed from afar by Blork the orc

Levels and vault maps discovered:
D:1:      mrwooster_arrival_arrow, layout_basic
D:2:      layout_loops_ring, serial_glass, glass_columns_c, glass_columns_c,
          minmay_strange_pillars, minmay_strange_pillars, feat_on_display,
          due_unseen_surprise, grunt_dithmenos_smoke
D:3:      layout_basic
D:4:      layout_loops_corners, first_ration, nrook_mini_backslash, uniq_edmund,
          uniq_blork_the_orc, uniq_pikel

Skill      XL: |  1  2  3  4 |
---------------+-------------+-----
Air Magic      | 3 |  3.6
Dodging        | 2 |  2.8
Spellcasting   | 2 |  2.2
Conjurations   | 1 |  1.7
Short Blades   | 1 |  1.0
Stealth        | 2 |  2.0
Fighting       | |  0.2

Action                   |  1- 3 |  4- 6 || total
-------------------------+-------+-------++-------
Melee: Short sword       |    65 |    96 ||   161
       War axe           |       |     4 ||     4
 Cast: Shock             |    73 |    12 ||    85
  Use: Scroll            |       |     9 ||     9
 Stab: Sleeping          |       |     3 ||     3
  Eat: Chunk             |     4 |     5 ||     9
Armor: Robe              |    24 |    35 ||    59
Dodge: Dodged            |    62 |    90 ||   152

Table legend:
 A = Non-vault XP
 B = Vault XP
 C = Vault XP percentage of total XP
 D = Non-vault monster count
 E = Vault monster count
 F = Vault count percentage of total count
                 A         B        C        D         E       F
            +---------+---------+-------+---------+---------+-------
      Total |     203 |       0 |   0.0 |      69 |       0 |   0.0
            +---------+---------+-------+---------+---------+-------
        D:1 |      39 |       0 |   0.0 |      21 |       0 |   0.0
        D:2 |      98 |       0 |   0.0 |      24 |       0 |   0.0
        D:3 |      64 |       0 |   0.0 |      22 |       0 |   0.0
        D:4 |       2 |       0 |   0.0 |       2 |       0 |   0.0
            +---------+---------+-------+---------+---------+-------
